 Dungeon Crawl Stone Soup version 0.24-a0-366-gc1c896e988 (webtiles) character file.

Game seed: 8761639046319936517

182 D1HalberdGnoll the Caller (level 5, -1/34 HPs)
             Began as an Octopode Summoner on May 28, 2019.
             Slain by a killer bee (7 damage)
             ... on level 4 of the Dungeon.
             The game lasted 00:09:12 (3652 turns).

D1HalberdGnoll the Caller (Octopode Summoner)       Turns: 3652, Time: 00:09:13

Health: -1/34      AC:  1    Str:  8    XL:     5   Next: 62%
Magic:  5/9        EV: 14    Int: 18    God:
Gold:   196        SH:  0    Dex: 12    Spells: 0/9 levels left

rFire    . . .     SeeInvis .   g - +1 dagger
rCold    . . .     Gourm    .   (no shield)
rNeg     + . .     Faith    .   (helmet restricted)
rPois    .         Spirit   .   h - amulet of regeneration
rElec    .         Reflect  .   a - ring of positive energy
rCorr    .         Harm     .   (no ring)
MR       .....                  (no ring)
Stlth    +++.......             (no ring)
HPRegen  0.51/turn              (no ring)
MPRegen  0.11/turn              (no ring)
                                (no ring)
                                (no ring)

@: lethally poisoned (-1 -> -2)
A: almost no armour, stealthy swim, amphibious, 8 rings, constrict 8, camouflage
1, gelatinous body 1
a: no special abilities


You were on level 4 of the Dungeon.
You were very hungry.

You visited 1 branch of the dungeon, and saw 5 of its levels.

You collected 196 gold pieces.

Inventory:

Hand Weapons
 g - a +1 dagger (weapon)
Jewellery
 a - a ring of positive energy (left tentacle)
 h - an amulet of regeneration (around mantle)
 u - a cursed ring of teleportation {unknown}
Wands
 o - a wand of polymorph (9)
Scrolls
 e - 3 scrolls of magic mapping
 f - a scroll of enchant weapon
 i - 2 scrolls of remove curse
 s - 3 scrolls of identify
Potions
 c - a potion of resistance {unknown}
 d - a potion of mutation {unknown}
 j - 3 potions of curing {unknown}
 l - 3 potions of agility
 m - a potion of haste {unknown}
 n - 2 potions of degeneration {unknown}
 p - 2 potions of might
 q - a potion of ambrosia
 t - a potion of lignification {unknown}
 w - a potion of flight
Comestibles
 b - 8 rations


   Skills:
 + Level 2.0 Fighting
 + Level 3.0 Dodging
 - Level 2.6 Stealth
 + Level 2.7 Spellcasting
 * Level 5.2 Summonings
 + Level 0.3 Air Magic


You couldn't memorise any spells.
You knew the following spells:

 Your Spells              Type           Power        Failure   Level  Hunger
a - Summon Lightning Spi  Summ/Air       ##......     45%         4    ####...
b - Call Canine Familiar  Summ           ###.....     6%          3    ###....
c - Call Imp              Summ           ###.....     3%          2    ##.....

Your spell library contained the following spells:

 Spells                   Type           Power        Failure   Level  Hunger
 Summon Small Mammal      Summ           ###.         1%          1    None
 Corona                   Hex            #......      17%         1    None
 Summon Guardian Golem    Hex/Summ       ##......     17%         3    ###....
 Ensorcelled Hibernation  Hex/Ice        #.....       26%         2    ##.....
 Confuse                  Hex            #.......     45%         3    ###....
 Dazzling Spray           Conj/Hex       #.....       45%         3    ###....
 Tukima's Dance           Hex            #.......     45%         3    ###....
 Summon Ice Beast         Ice/Summ       ##......     50%         4    ####...


Dungeon Overview and Level Annotations

Branches:
Dungeon (5/15)
 Temple: D:4-7

Altars:
Nemelex Xobeh

Annotations:
D:3 3 runed translucent doors, Shaidar's ghost, amateur GrFi; SkaryMonk's ghost, amateur OpSu; anet's ghost, amateur HOWz; grizmgrazm2's ghost, amateur OgTm; jotwebe's ghost, amateur DsGl


Innate Abilities, Weirdness & Mutations

You cannot wear most types of armour.
You are very stealthy in the water. (Stealth+)
You are amphibious.
You can wear up to eight rings at the same time.
You can use your tentacles to constrict eight enemies at once.
Your skin changes colour to match your surroundings (Stealth+).
Your rubbery body absorbs attacks. (AC +1, EV +1)


Message History

Your hound barely misses the killer bee.
The killer bee barely misses you.
You hit the killer bee. Your grab misses the killer bee.
Your squeeze misses the killer bee.
The killer bee is heavily wounded.
You feel sick. The killer bee stings you!
Your hound bites the killer bee.
The killer bee closely misses you.
Your hound misses the killer bee. You barely miss the killer bee.
Your grab misses the killer bee.
The killer bee is heavily wounded.
The killer bee stings you.
* * * LOW HITPOINT WARNING * * *
You are more poisoned.
The killer bee poisons you!
Your hound barely misses the killer bee.
The killer bee stings you!
* * * LOW HITPOINT WARNING * * *
You closely miss the killer bee. Your grab misses the killer bee.
The killer bee is heavily wounded.
You feel sick. The killer bee stings you!
You die...

#####........##......#.......#.#
....#......>.##.>....##.....##.##
.........#...........####.####..#
..ยง.#<.......##.................#
#####....#...##.....#####.####..#
#........######## #......##
####.#.### ###.#### ##..#.########
#.# #.......##@y.###### #.#
#.##.##.##.#h[....# #.#
#.##.......))####.# #.#
#.#####.###### #.###.#
#######.#####.# #.....#
.......(.(....# #######
######(######## ###(# #...#


You could see a killer bee and a friendly hound.

Vanquished Creatures
  2 adders (D:2)
  A dart slug (D:2)
  A leopard gecko (D:3)
  2 orcs (D:4)
  3 ball pythons
  3 giant cockroaches
  4 goblins
  2 hobgoblins
  3 jackals
  3 kobolds
  2 bats
  A frilled lizard (D:1)
  3 rats (D:1)
30 creatures vanquished.

Vanquished Creatures (collateral kills)
  An ogre (D:3)
  A jelly (D:3)
  An orc wizard (D:4)
  A gnoll (D:1)
  2 adders (D:3)
  2 dart slugs
  3 leopard geckos
  10 orcs
  A giant cockroach (D:3)
  3 goblins (D:2)
  7 hobgoblins
  7 jackals
  3 kobolds
  A quokka (D:4)
  A ball python (D:3)
  5 bats (D:3)
  4 frilled lizards
  7 rats
60 creatures vanquished.

Grand Total: 90 creatures vanquished

Notes
Turn   | Place    | Note
-------+----------+-------------------------------------------
     0 | D:1      | D1HalberdGnoll the Octopode Summoner began the quest for
                  | the Orb.
     0 | D:1      | Reached XP level 1. HP: 11/11 MP: 3/3
   326 | D:1      | Reached XP level 2. HP: 18/18 MP: 3/5
   778 | D:1      | Reached XP level 3. HP: 15/22 MP: 2/6
   894 | D:1      | Learned a level 3 spell: Call Canine Familiar
   926 | D:2      | Reached skill level 1 in Fighting
  1003 | D:2      | Learned a level 2 spell: Call Imp
  1083 | D:2      | HP: 1/23 [poisoned by an adder]
  1804 | D:3      | Reached XP level 4. HP: 28/28 MP: 1/7
  2243 | D:3      | Noticed an ogre
  2250 | D:3      | Killed an ogre
  2250 | D:3      | Reached skill level 5 in Summonings
  2250 | D:3      | Reached XP level 5. HP: 34/34 MP: 3/8
  2346 | D:3      | Found a runed translucent gate.
  2347 | D:3      | Found a runed translucent gate.
  2363 | D:3      | Found a runed translucent gate.
  2364 | D:3      | Noticed SkaryMonk's ghost (amateur OpSu)
  2365 | D:3      | Noticed Shaidar's ghost (amateur GrFi)
  2371 | D:3      | Noticed jotwebe's ghost (amateur DsGl)
  2371 | D:3      | Noticed anet's ghost (amateur HOWz)
  2371 | D:3      | Noticed grizmgrazm2's ghost (amateur OgTm)
  2713 | D:4      | Learned a level 4 spell: Summon Lightning Spire
  3116 | D:4      | Found a sparkling altar of Nemelex Xobeh.
  3394 | D:5      | Entered Level 5 of the Dungeon
  3394 | D:5      | Noticed a centaur
  3394 | D:5      | Noticed an ogre
  3477 | D:4      | HP: 1/34 [poisoned by a killer bee]
  3483 | D:4      | HP: 1/34 [poisoned by a killer bee]
  3652 | D:4      | Slain by a killer bee

Levels and vault maps discovered:
D:1:      wander_arrival_chamber, layout_loops_cross, minmay_tetromino_s4
D:2:      layout_rooms
D:3:      layout_rooms, gammafunk_ghost_cemetery, first_ration
D:4:      layout_loops_cross, old_standard_altar
D:5:      layout_rooms, nicolae_overflow_hidden_temple

Skill      XL: |  1  2  3  4  5 |
---------------+----------------+-----
Fighting       | 1 2 |  2.0
Summonings     | 5 |  5.2
Dodging        | 3 |  3.0
Stealth        | |  2.6
Spellcasting   | |  2.7
Air Magic      | |  0.3

Action                   |  1- 3 |  4- 6 || total
-------------------------+-------+-------++-------
Melee: Unarmed           |     6 |     2 ||     8
       Constrict         |    12 |    14 ||    26
       Dagger            |    36 |    44 ||    80
       Tentacles         |    11 |    10 ||    21
 Cast: Summon Small Mamm |    21 |       ||    21
       Call Canine Famil |     9 |    14 ||    23
       Call Imp          |     4 |    15 ||    19
  Use: Scroll            |     2 |     8 ||    10
       Potion            |       |     5 ||     5
 Stab: Sleeping          |     9 |       ||     9
  Eat: Chunk             |     4 |     7 ||    11
Armor: Skin              |     1 |     6 ||     7
Dodge: Dodged            |    21 |    63 ||    84

Table legend:
 A = Non-vault XP
 B = Vault XP
 C = Vault XP percentage of total XP
 D = Non-vault monster count
 E = Vault monster count
 F = Vault count percentage of total count
                 A         B        C        D         E       F
            +---------+---------+-------+---------+---------+-------
      Total |     258 |       3 |   1.1 |      88 |       2 |   2.2
            +---------+---------+-------+---------+---------+-------
        D:1 |      34 |       3 |   8.1 |      20 |       2 |   9.1
        D:2 |      40 |       0 |   0.0 |      15 |       0 |   0.0
        D:3 |     129 |       0 |   0.0 |      34 |       0 |   0.0
        D:4 |      55 |       0 |   0.0 |      19 |       0 |   0.0
            +---------+---------+-------+---------+---------+-------
